[Event "Skalica Open 2019"]
[Site "Skalica"]
[Date "2019.08.29"]
[Round "6.20"]
[White "Chan, Naruna"]
[Black "Kovarikova, Maria"]
[Result "1-0"]
[ECO "C60"]
[WhiteElo "1950"]
[BlackElo "1854"]
[Annotator "NA"]
[PlyCount "67"]
[EventDate "2019.08.25"]
[EventType "swiss"]
[EventCountry "SVK"]
[SourceTitle "playchess.com"]
[Source "ChessBase"]
[SourceQuality "1"]
[TimeControl "40/5400+30:1800+30"]

1. e4 e5 2. Nf3 Nc6 3. Bb5 g6 4. O-O Bg7 5. c3 Nge7 6. d4 O-O 7. Bg5 {[%emt 0:09:00] C60: Ruy Lopez: Unusual Black 3rd moves and 3...g6} f6 8. Bh4 g5 $146 ({Predecessor:} 8... exd4 9. cxd4 d5 10. exd5 Nxd5 11. Nc3 Nce7 12. Nxd5 Nxd5 13. Re1 c6 14. Bc4 Bg4 {1-0 (40) Romanov,E (2479)-Zolnierowicz,K (2287) Warsaw 2005}) 9. Bg3 $1 Ng6 10. dxe5 fxe5 11. Na3 d6 12. Nd2 Nf4 13. Nc2 Be6 14. Ne3 Ne7 15. Bc4 d5 16. exd5 Nexd5 17. Nxd5 Nxd5 ({Better is} 17... Bxd5 $14 18. Qb3 c6) 18. Nf3 g4 19. Nxe5 h5 20. f4 $16 (20. Re1 $18 Re8 21. Qb3) 20... Qd6 21. Kh1 b5 22. Bb3 c6 23. Ng6 h4 24. Nxh4 Bf7 25. Nf5 Qf6 26. Qxg4 Be6 27. Qxg7+ Qxg7 28. Nxg7 Kxg7 29. Rae1 Rae8 30. h3 Bf5 31. Rxe8 Rxe8 32. Bxd5 cxd5 33. Re1 Re4 34. Kg1 1-0

[Event "Skalica Open 2019"]
[Site "Skalica"]
[Date "2019.08.29"]
[Round "6.21"]
[White "Hrubsa, Marian"]
[Black "Fizerova, Lucie"]
[Result "1-0"]
[ECO "C42"]
[WhiteElo "1888"]
[BlackElo "1563"]
[Annotator "NA"]
[PlyCount "85"]
[EventDate "2019.08.25"]
[EventType "swiss"]
[EventCountry "SVK"]
[SourceTitle "playchess.com"]
[Source "ChessBase"]
[SourceQuality "1"]
[TimeControl "40/5400+30:1800+30"]

1. e4 e5 2. Nf3 Nf6 3. Nxe5 d6 4. Nf3 Nxe4 5. d4 d5 6. Bd3 Bf5 {[%emt 0:00:38] C42: Petroff Defence: 3 Nxe5 and unusual White 3rd moves} (6... Bd6 7. O-O O-O 8. c4 c6 9. Re1 Bf5 10. Qb3 Qd7 11. Nc3 Nxc3 12. Bxf5 Qxf5 13. bxc3 b6 14. Bg5 dxc4 15. Qxc4 b5 16. Qb3 Nd7 17. Be7 Bxe7 18. Rxe7 {½-½ (30) Naiditsch,A (2695)-Wang,H (2726) China 2019}) 7. O-O Be7 8. Re1 Nd7 9. c4 c6 10. cxd5 cxd5 11. Qb3 Ndf6 $146 ({Predecessor:} 11... Nb6 12. Bf4 O-O 13. Nc3 Nxc3 14. Bxf5 {1-0 (26) Kirchner,M (1887)-Zeitz,J (1753) Heusenstamm 2018}) 12. Qxb7 O-O 13. Nc3 Rb8 14. Qa6 $1 Bb4 15. a3 Rb6 16. Qxa7 Nxc3 (16... Bxc3 $16 17. bxc3 Rc6) 17. axb4 Nce4 18. Ne5 Nd6 19. Bf1 Rb7 20. Qa5 Qxa5 21. bxa5 Ra8 22. a6 Rb6 23. Re3 Bc8 24. Rea3 Nfe8 25. a7 Nc7 26. Rc3 Na6 27. Bxa6 Bxa6 $18 28. Nd7 Rb7 29. Rxa6 Rxd7 30. Rb3 Nb7 31. Bf4 Re7 32. g3 h6 33. Bb8 Kh7 34. Rb5 Rd7 35. b4 g6 36. Rbb6 Kg7 37. b5 Kh7 38. Rc6 Re7 39. Rc7 Rxc7 40. Bxc7 h5 41. b6 Kg8 42. Ra3 Kf8 43. Bb8 1-0

[Event "Skalica Open 2019"]
[Site "Skalica"]
[Date "2019.08.29"]
[Round "6.22"]
[White "Petkevich, Denis"]
[Black "Palka, Miroslav"]
[Result "1/2-1/2"]
[ECO "A00"]
[WhiteElo "1863"]
[BlackElo "1869"]
[Annotator "NA"]
[PlyCount "51"]
[EventDate "2019.08.25"]
[EventType "swiss"]
[EventCountry "SVK"]
[SourceTitle "playchess.com"]
[Source "ChessBase"]
[SourceQuality "1"]
[TimeControl "40/5400+30:1800+30"]

1. b4 Nf6 2. Bb2 e6 3. b5 c6 4. c4 d5 5. e3 Be7 (5... dxc4 6. Bxc4 cxb5 7. Bxb5+ Bd7 8. Be2 Bc6 9. Nf3 Bd6 10. O-O Nbd7 11. d4 O-O 12. Nbd2 Rc8 {0-1 (39) Timmermans,M (2423)-Leenhouts,K (2377) Amsterdam 2017}) 6. Nf3 {[%emt 0:00:15] A00: Irregular Openings} O-O 7. Qc2 a6 8. a4 axb5 9. axb5 $146 ({Predecessor:} 9. cxb5 cxb5 10. Bxb5 Bd7 11. Bd3 h6 12. Ne5 Nc6 13. Nxc6 Bxc6 14. O-O {1-0 (54) Paggalis,G-Stamatopoulos,G Patras 2001}) 9... Rxa1 10. Bxa1 dxc4 11. Ng5 h6 12. h4 Re8 13. Bxc4 cxb5 14. Bxb5 Bd7 15. Bd3 Qc8 16. Nf3 Qxc2 17. Bxc2 Bb5 18. Nc3 Ba6 $1 19. Ne5 Rd8 20. f4 Nbd7 21. d4 (21. Ne4 $15) 21... Bb4 22. Kd2 Nxe5 23. fxe5 $17 Nd5 24. Be4 Nxc3 25. Bxc3 Bxc3+ 26. Kxc3 1/2-1/2

[Event "Skalica Open 2019"]
[Site "Skalica"]
[Date "2019.08.29"]
[Round "6.23"]
[White "Skreko, Igor"]
[Black "Krakovsky, Peter"]
[Result "1/2-1/2"]
[ECO "A10"]
[WhiteElo "1725"]
[BlackElo "1000"]
[Annotator "NA"]
[PlyCount "80"]
[EventDate "2019.08.25"]
[EventType "swiss"]
[EventCountry "SVK"]
[SourceTitle "playchess.com"]
[Source "ChessBase"]
[SourceQuality "1"]
[TimeControl "40/5400+30:1800+30"]

1. c4 g6 2. Nc3 Bg7 3. g3 Nf6 4. Bg2 O-O 5. Nf3 d5 6. cxd5 Nxd5 7. O-O c6 8. e4 Nb6 9. d4 Bg4 10. Be3 e6 11. h3 Bxf3 12. Bxf3 N8d7 13. Qe2 Nf6 14. Rfd1 Qe7 15. Rac1 Rfd8 16. h4 h5 17. Bg5 e5 18. dxe5 Qxe5 19. Rd3 Rxd3 20. Qxd3 Re8 21. Rd1 Nfd7 22. Be3 Qe6 23. Bd4 Ne5 24. Qe2 Nxf3+ 25. Qxf3 Bxd4 26. Rxd4 Nc4 27. Qe2 Ne5 28. Kg2 Ng4 29. f3 Ne5 30. Rd1 Nc4 31. b3 Ne5 32. Na4 Qe7 33. Nb2 Rd8 34. Rxd8+ Qxd8 35. f4 Ng4 36. Nc4 Qd4 37. e5 b5 38. Nd6 Qd5+ 39. Kg1 Qd4+ 40. Kg2 Qd5+ 1/2-1/2

[Event "Skalica Open 2019"]
[Site "Skalica"]
[Date "2019.08.29"]
[Round "7.1"]
[White "Pulpan, Jakub"]
[Black "Maiorov, Nikita"]
[Result "1/2-1/2"]
[ECO "C84"]
[WhiteElo "2397"]
[BlackElo "2512"]
[Annotator "ChessBase"]
[PlyCount "21"]
[EventDate "2019.08.25"]
[EventType "swiss"]
[EventCountry "SVK"]
[SourceTitle "playchess.com"]
[Source "ChessBase"]
[SourceQuality "1"]
[TimeControl "40/5400+30:1800+30"]

1. e4 e5 2. Nf3 Nc6 3. Bb5 a6 4. Ba4 Nf6 5. O-O Be7 6. d3 b5 7. Bb3 O-O 8. Nc3 d6 9. a3 Nb8 10. Ne2 Nbd7 11. Ng3 1/2-1/2

[Event "Skalica Open 2019"]
[Site "Skalica"]
[Date "2019.08.29"]
[Round "7.2"]
[White "Demidov, Mikhail"]
[Black "Manik, Mikulas"]
[Result "1-0"]
[ECO "B51"]
[WhiteElo "2556"]
[BlackElo "2374"]
[Annotator "ChessBase"]
[PlyCount "157"]
[EventDate "2019.08.25"]
[EventType "swiss"]
[EventCountry "SVK"]
[SourceTitle "playchess.com"]
[Source "ChessBase"]
[SourceQuality "1"]
[TimeControl "40/5400+30:1800+30"]

1. Nf3 d6 2. e4 c5 3. Bb5+ Nd7 4. O-O a6 5. Bd3 Ngf6 6. c3 e5 7. Bc2 b5 8. a4 Bb7 9. Qe2 Be7 10. d4 O-O 11. d5 c4 12. Na3 Nc5 13. Bd2 Qd7 14. Rfd1 h6 15. Be1 Rfb8 16. Nd2 Bc8 17. a5 Nb7 18. b4 cxb3 19. Nxb3 Nc5 20. f3 Qc7 21. Nb1 Nxb3 22. Bxb3 Nd7 23. Bc2 Nc5 24. Nd2 Bd7 25. Rdc1 Na4 26. c4 Qxa5 27. c5 dxc5 28. Nc4 Qc7 29. Bxa4 bxc4 30. Bxd7 Qxd7 31. Rxc4 Rb6 32. Rca4 Qb7 33. Kf1 Bd6 34. Qc4 Rb5 35. Ra5 Rb6 36. h3 Kh7 37. Kg1 Rb1 38. Kh2 Rxa1 39. Rxa1 f6 40. Qa2 a5 41. Qc4 Qb6 42. Qa4 Ra6 43. Qd7 Ra7 44. Qa4 Ra6 45. h4 Qb7 46. Qc4 Qb6 47. Bc3 Ra7 48. Ra2 Ra8 49. Qa4 Qd8 50. Rb2 c4 51. Be1 Bb4 52. Bxb4 axb4 53. Qxb4 Rc8 54. Rc2 Qc7 55. Rc3 Kh8 56. Qb5 Kh7 57. Kg3 Kh8 58. Qa6 Qc5 59. Qe6 Rb8 60. Rc2 Rc8 61. Rc3 Rb8 62. Qc6 Qg1 63. Qxc4 Qe1+ 64. Kg4 h5+ 65. Kf5 Qxh4 66. Ke6 f5 67. d6 Qf6+ 68. Kd5 fxe4 69. Qc7 Rb2 70. fxe4 Rd2+ 71. Kc6 Kh7 72. Qd7 Kh6 73. Rc5 Qf1 74. Qe6+ g6 75. Qxe5 Qa6+ 76. Kd7 Qa7+ 77. Rc7 Qa4+ 78. Ke7 Qb4 79. Qf4+ 1-0

[Event "Skalica Open 2019"]
[Site "Skalica"]
[Date "2019.08.29"]
[Round "7.3"]
[White "Lanka, Zigurds"]
[Black "Potapov, Pavel"]
[Result "1/2-1/2"]
[ECO "B32"]
[WhiteElo "2395"]
[BlackElo "2496"]
[Annotator "ChessBase"]
[PlyCount "25"]
[EventDate "2019.08.25"]
[EventType "swiss"]
[EventCountry "SVK"]
[SourceTitle "playchess.com"]
[Source "ChessBase"]
[SourceQuality "1"]
[TimeControl "40/5400+30:1800+30"]

1. e4 c5 2. Nf3 Nc6 3. d4 cxd4 4. Nxd4 e5 5. Nb5 d6 6. N1c3 a6 7. Na3 Be7 8. Nc4 b5 9. Ne3 Nf6 10. a3 O-O 11. g3 Be6 12. Bg2 Rc8 13. O-O 1/2-1/2

[Event "Skalica Open 2019"]
[Site "Skalica"]
[Date "2019.08.29"]
[Round "7.4"]
[White "Pechac, Jergus"]
[Black "Sahidi, Samir"]
[Result "1/2-1/2"]
[ECO "D02"]
[WhiteElo "2471"]
[BlackElo "2366"]
[Annotator "ChessBase"]
[PlyCount "183"]
[EventDate "2019.08.25"]
[EventType "swiss"]
[EventCountry "SVK"]
[SourceTitle "playchess.com"]
[Source "ChessBase"]
[SourceQuality "1"]
[TimeControl "40/5400+30:1800+30"]

1. d4 d5 2. Nf3 c5 3. c4 cxd4 4. cxd5 Nf6 5. Qxd4 Qxd5 6. Nc3 Qxd4 7. Nxd4 a6 8. Bg5 Nbd7 9. g3 e6 10. Bg2 h6 11. Bd2 Bb4 12. a3 Ba5 13. O-O O-O 14. Nb3 Bc7 15. Rac1 Rb8 16. Na4 Bd6 17. Be3 Nd5 18. Bxd5 exd5 19. Rfd1 b5 20. Nc3 b4 21. axb4 Rxb4 22. Na5 Rxb2 23. Nxd5 Rxe2 24. Nc4 Bc5 25. Bxc5 Nxc5 26. Nd6 Ne4 27. Nf4 Nxd6 28. Nxe2 Nb5 29. Rd2 Re8 30. Nd4 Bd7 31. Nc6 Bf5 32. Ra1 Be4 33. Rxa6 Bf3 34. Rd8 Bxc6 35. Raa8 Rxd8 36. Rxd8+ Kh7 37. h4 Bf3 38. Rd3 Bg4 39. Kh2 Be6 40. Kg1 Nc7 41. Ra3 Nd5 42. Rb3 Nf6 43. Ra3 g6 44. Ra5 Kg7 45. Ra4 Nd7 46. Ra5 Kf6 47. Ra4 Ne5 48. Rf4+ Ke7 49. Ra4 Nf3+ 50. Kg2 Bd5 51. Kf1 Ke6 52. Rb4 Ke5 53. Rb8 h5 54. Rb4 Bc4+ 55. Kg2 Ne1+ 56. Kg1 Kd4 57. Ra4 Kd3 58. Rb4 Nf3+ 59. Kg2 Nd2 60. f4 Ke3 61. Rb2 Bd5+ 62. Kh3 Nf3 63. Rb1 Nd4 64. Kh2 Be4 65. Ra1 Kf3 66. Ra5 Bf5 67. Ra4 Nc2 68. Ra7 Ne3 69. Ra3 Bc2 70. Kg1 f6 71. Rc3 Ke2 72. Rc6 Bd3 73. Rxf6 Kf3 74. Rc6 Nd1 75. Kh2 Be4 76. Ra6 Kg4 77. Ra3 Nf2 78. Ra2 Nd3 79. Ra1 Nc5 80. Ra5 Nb3 81. Ra3 Nd2 82. Kg1 Bf3 83. Ra6 Kxg3 84. Rxg6+ Kxf4 85. Rg7 Ne4 86. Rg8 Nd6 87. Kf2 Nf5 88. Rb8 Be4 89. Rb5 Ng3 90. Rg5 Nh1+ 91. Kg1 Ng3 92. Kf2 1/2-1/2

[Event "Skalica Open 2019"]
[Site "Skalica"]
[Date "2019.08.29"]
[Round "7.5"]
[White "Danada, Tomas"]
[Black "Vykouk, Jan"]
[Result "0-1"]
[ECO "E94"]
[WhiteElo "2266"]
[BlackElo "2477"]
[Annotator "ChessBase"]
[PlyCount "70"]
[EventDate "2019.08.25"]
[EventType "swiss"]
[EventCountry "SVK"]
[SourceTitle "playchess.com"]
[Source "ChessBase"]
[SourceQuality "1"]
[TimeControl "40/5400+30:1800+30"]

1. d4 Nf6 2. c4 d6 3. Nc3 Nbd7 4. Nf3 g6 5. e4 e5 6. Be2 Bg7 7. O-O O-O 8. Qc2 c6 9. Rd1 Qe7 10. Bf1 exd4 11. Nxd4 Re8 12. f3 a5 13. Nde2 Ne5 14. Nf4 g5 15. Nd3 g4 16. Nxe5 dxe5 17. Be3 gxf3 18. gxf3 Nh5 19. Na4 Kh8 20. Nb6 Rg8 21. Nxa8 Bh6+ 22. Kf2 Qh4+ 23. Ke2 Qxh2+ 24. Kd3 Qxc2+ 25. Kxc2 Bxe3 26. Rd3 Bd4 27. Ra3 Rg1 28. Rd1 Ng3 29. Bd3 Rxd1 30. Kxd1 h5 31. Be2 h4 32. f4 exf4 33. Bf3 h3 34. Rd3 h2 35. Rd2 Nf1 0-1

[Event "Skalica Open 2019"]
[Site "Skalica"]
[Date "2019.08.29"]
[Round "7.6"]
[White "Kuznetsov, Mikhail V."]
[Black "Czebe, Attila"]
[Result "0-1"]
[ECO "A41"]
[WhiteElo "2261"]
[BlackElo "2413"]
[Annotator "NA"]
[PlyCount "58"]
[EventDate "2019.08.25"]
[EventType "swiss"]
[EventCountry "SVK"]
[SourceTitle "playchess.com"]
[Source "ChessBase"]
[SourceQuality "1"]
[TimeControl "40/5400+30:1800+30"]

1. d4 d6 2. c4 e5 3. Nc3 exd4 4. Qxd4 Nf6 5. g3 Nc6 6. Qd2 Be6 7. Nd5 g6 8. Nf3 Bg7 9. Bg2 O-O 10. O-O Re8 11. h3 Ne5 12. Nxe5 dxe5 13. Nxf6+ Qxf6 14. Qb4 e4 15. Rb1 b6 16. b3 c5 17. Qa4 Qe7 18. Rd1 f5 19. Bb2 Red8 20. Bxg7 Kxg7 21. e3 Rd6 22. Bf1 Rad8 23. Be2 Rd2 24. Kf1 f4 25. Rxd2 Rxd2 26. gxf4 Bxh3+ 27. Ke1 Qd8 28. Bf1 Bxf1 29. Kxf1 Qh4 0-1

[Event "Skalica Open 2019"]
[Site "Skalica"]
[Date "2019.08.29"]
[Round "7.7"]
[White "Komliakov, Viktor"]
[Black "Matejovic, Juraj"]
[Result "1/2-1/2"]
[ECO "B40"]
[WhiteElo "2366"]
[BlackElo "2237"]
[Annotator "NA"]
[PlyCount "42"]
[EventDate "2019.08.25"]
[EventType "swiss"]
[EventCountry "SVK"]
[SourceTitle "playchess.com"]
[Source "ChessBase"]
[SourceQuality "1"]
[TimeControl "40/5400+30:1800+30"]

1. e4 c5 2. Nf3 e6 3. d3 Nc6 4. g3 Nf6 5. Bg2 d5 6. Qe2 Be7 7. O-O O-O 8. e5 Nd7 9. c4 a6 10. h4 h6 11. Nc3 Nd4 12. Nxd4 cxd4 13. cxd5 dxc3 14. d6 cxb2 15. Bxb2 Re8 16. dxe7 Qxe7 17. a4 Nb6 18. Ba3 Qd8 19. Bd6 Nd5 20. Qb2 b6 21. Rfb1 Bb7 1/2-1/2

[Event "Skalica Open 2019"]
[Site "Skalica"]
[Date "2019.08.29"]
[Round "7.8"]
[White "Istona, Martin"]
[Black "Aleksandrovskiy, Dmitriy"]
[Result "1/2-1/2"]
[ECO "B46"]
[WhiteElo "2235"]
[BlackElo "2284"]
[Annotator "NA"]
[PlyCount "26"]
[EventDate "2019.08.25"]
[EventType "swiss"]
[EventCountry "SVK"]
[SourceTitle "playchess.com"]
[Source "ChessBase"]
[SourceQuality "1"]
[TimeControl "40/5400+30:1800+30"]

1. e4 c5 2. Nf3 e6 3. d4 cxd4 4. Nxd4 Nc6 5. Nc3 a6 6. Nxc6 bxc6 7. Bd3 d5 8. O-O Nf6 9. Qf3 Be7 10. Qg3 Nh5 11. Qg4 g6 12. Qe2 O-O 13. Na4 Qc7 1/2-1/2

[Event "Skalica Open 2019"]
[Site "Skalica"]
[Date "2019.08.29"]
[Round "7.9"]
[White "Karas, Marek"]
[Black "Gasa, Patrik"]
[Result "1/2-1/2"]
[ECO "A05"]
[WhiteElo "2233"]
[BlackElo "2187"]
[Annotator "NA"]
[PlyCount "120"]
[EventDate "2019.08.25"]
[EventType "swiss"]
[EventCountry "SVK"]
[SourceTitle "playchess.com"]
[Source "ChessBase"]
[SourceQuality "1"]
[TimeControl "40/5400+30:1800+30"]

1. Nf3 Nf6 2. c4 e6 3. Nc3 d5 4. e3 c5 5. d4 cxd4 6. exd4 Be7 7. Bd3 dxc4 8. Bxc4 O-O 9. O-O Nc6 10. a3 a6 11. Bb3 b5 12. Re1 Bb7 13. Bc2 Rc8 14. Bg5 Re8 15. Qd3 g6 16. Bb3 Na5 17. Ba2 Nc4 18. Rab1 Bxf3 19. Qxf3 Qxd4 20. Bxc4 Rxc4 21. h3 Qd8 22. Rbd1 Nd5 23. Bh6 Bf8 24. Bxf8 Kxf8 25. Nxd5 exd5 26. Rxe8+ Qxe8 27. Qxd5 Qc6 28. Qg5 Kg7 29. Qe5+ Qf6 30. Qxf6+ Kxf6 31. Rd6+ Kg7 32. Rxa6 Rc1+ 33. Kh2 Rc2 34. b4 Rxf2 35. Kg3 Rf5 36. Rc6 Kf8 37. Rc7 h5 38. Ra7 Kg7 39. a4 bxa4 40. Rxa4 Rf1 41. Ra6 Rb1 42. Rb6 Rb3+ 43. Kf2 h4 44. b5 g5 45. Rb7 Kg6 46. b6 f6 47. Rb8 Kf5 48. Kg1 Kf4 49. Kh2 Rb1 50. Rb7 f5 51. Rb8 Rb2 52. Rb7 g4 53. hxg4 fxg4 54. Rf7+ Kg5 55. b7 Rb1 56. Rg7+ Kf5 57. Rf7+ Kg6 58. Rc7 Rb4 59. Rc6+ Kg5 60. Rc5+ Kg6 1/2-1/2

[Event "Skalica Open 2019"]
[Site "Skalica"]
[Date "2019.08.29"]
[Round "7.10"]
[White "Skalsky, Alexandr"]
[Black "Bochnicka, Vladimir"]
[Result "1-0"]
[ECO "B33"]
[WhiteElo "2128"]
[BlackElo "2193"]
[Annotator "NA"]
[PlyCount "97"]
[EventDate "2019.08.25"]
[EventType "swiss"]
[EventCountry "SVK"]
[SourceTitle "playchess.com"]
[Source "ChessBase"]
[SourceQuality "1"]
[TimeControl "40/5400+30:1800+30"]

1. e4 c5 2. Nf3 Nc6 3. d4 cxd4 4. Nxd4 Nf6 5. Nc3 e5 6. Ndb5 d6 7. Bg5 a6 8. Na3 b5 9. Nd5 Be7 10. Bxf6 Bxf6 11. c4 b4 12. Nc2 a5 13. g3 O-O 14. Bg2 Be6 15. O-O Rb8 16. Qd3 Bg5 17. Rad1 a4 18. b3 Qa5 19. Kh1 Bd8 20. f4 f6 21. Nde3 Bc7 22. f5 Bf7 23. g4 Bb6 24. g5 Bh5 25. Bf3 Bxf3+ 26. Rxf3 Nd4 27. Nxd4 Bxd4 28. Nd5 Rb7 29. Qd2 axb3 30. axb3 Qd8 31. gxf6 gxf6 32. Nxb4 Qe8 33. Qh6 Rg7 34. Nd5 Qf7 35. Rg3 Rxg3 36. hxg3 Kh8 37. Kg2 Ra8 38. Qxf6+ Qxf6 39. Nxf6 Ra2+ 40. Kf3 Rb2 41. Rd3 Kg7 42. Ne8+ Kh6 43. Kg4 Re2 44. Nxd6 Kg7 45. Nb5 Bc5 46. Rd7+ Kf6 47. Nc3 h5+ 48. Kxh5 Rh2+ 49. Kg4 1-0

[Event "Skalica Open 2019"]
[Site "Skalica"]
[Date "2019.08.29"]
[Round "7.11"]
[White "Husek, Martin"]
[Black "Sefcik, Marek"]
[Result "1-0"]
[ECO "B00"]
[WhiteElo "2182"]
[BlackElo "2024"]
[Annotator "NA"]
[PlyCount "103"]
[EventDate "2019.08.25"]
[EventType "swiss"]
[EventCountry "SVK"]
[SourceTitle "playchess.com"]
[Source "ChessBase"]
[SourceQuality "1"]
[TimeControl "40/5400+30:1800+30"]

1. e4 d6 2. d4 Nd7 3. Nc3 e5 4. f4 Be7 5. Nf3 exd4 6. Qxd4 Nc5 7. Be3 Nf6 8. O-O-O O-O 9. Kb1 Bd7 10. e5 Ng4 11. Bg1 Bc6 12. exd6 Bxd6 13. Qxc5 Bxc5 14. Rxd8 Rfxd8 15. Bxc5 b6 16. h3 Nf6 17. Be7 Re8 18. Bxf6 Bxf3 19. Be5 Bb7 20. Bc4 Re7 21. Nd5 Bxd5 22. Bxd5 Rd8 23. Bc6 f6 24. Bc3 Re6 25. Bf3 c5 26. b4 cxb4 27. Bxb4 a5 28. Bc3 Kf8 29. Kc1 Ke7 30. Re1 Rxe1+ 31. Bxe1 Ke6 32. Bf2 Rd6 33. Be4 g6 34. Kb2 f5 35. Bd3 Kd5 36. Kb3 Kc6 37. g4 fxg4 38. hxg4 h5 39. f5 gxf5 40. gxf5 b5 41. a4 bxa4+ 42. Kxa4 h4 43. Kxa5 h3 44. Bg3 Rh6 45. Bh2 Kc5 46. Ka4 Kd4 47. Kb5 Rh5 48. Kc6 Rg5 49. f6 Rg2 50. f7 Rf2 51. Bg1 h2 52. Bxf2+ 1-0

[Event "Skalica Open 2019"]
[Site "Skalica"]
[Date "2019.08.29"]
[Round "7.12"]
[White "Khmelev, Mikhail"]
[Black "Kalisky, Vladimir"]
[Result "1-0"]
[ECO "B33"]
[WhiteElo "2021"]
[BlackElo "2179"]
[Annotator "NA"]
[PlyCount "90"]
[EventDate "2019.08.25"]
[EventType "swiss"]
[EventCountry "SVK"]
[SourceTitle "playchess.com"]
[Source "ChessBase"]
[SourceQuality "1"]
[TimeControl "40/5400+30:1800+30"]

1. e4 c5 2. Nf3 Nc6 3. d4 cxd4 4. Nxd4 Nf6 5. Nc3 g6 6. Be3 Bg7 7. f3 O-O 8. Qd2 d5 9. exd5 Nxd5 10. Nxc6 bxc6 11. Nxd5 Qxd5 12. Qxd5 cxd5 13. c3 e5 14. O-O-O Be6 15. Ba6 Rfd8 16. Kb1 f5 17. Rhe1 Kf7 18. Bc5 h5 19. a4 Bf6 20. a5 h4 21. Bb7 Rab8 22. a6 Rd7 23. Bxa7 Rbxb7 24. axb7 Rxb7 25. Bc5 g5 26. g3 h3 27. f4 e4 28. Bd4 Be7 29. Kc2 Bd7 30. Ra1 Bb5 31. Ra7 Bd3+ 32. Kc1 Rxa7 33. Bxa7 Kg6 34. Be3 Kh5 35. fxg5 Bxg5 36. Bxg5 Kxg5 37. Kd2 f4 38. gxf4+ Kxf4 39. Re3 Bf1 40. Rg3 Bg2 41. b3 Bf1 42. b4 Bg2 43. b5 Ke5 44. Ke3 Kd6 45. Kd4 Kc7 {[%emt 0:00:15] Kxe4} 1-0

[Event "Skalica Open 2019"]
[Site "Skalica"]
[Date "2019.08.29"]
[Round "7.13"]
[White "Jablonicky, Martin"]
[Black "Jun, Rudolf Jr."]
[Result "1-0"]
[ECO "B31"]
[WhiteElo "2343"]
[BlackElo "2114"]
[Annotator "NA"]
[PlyCount "81"]
[EventDate "2019.08.25"]
[EventType "swiss"]
[EventCountry "SVK"]
[SourceTitle "playchess.com"]
[Source "ChessBase"]
[SourceQuality "1"]
[TimeControl "40/5400+30:1800+30"]

1. e4 c5 2. Nf3 Nc6 3. Bb5 g6 4. Bxc6 dxc6 5. d3 Bg7 6. h3 e5 7. O-O Ne7 8. Be3 b6 9. a3 O-O 10. b4 cxb4 11. axb4 Qc7 12. Nbd2 h6 13. Nc4 Be6 14. Qc1 Kh7 15. Qb2 Bxc4 16. dxc4 Rfd8 17. c5 b5 18. Qb3 f5 19. Qe6 Qd7 20. Qxd7 Rxd7 21. Rfd1 Rad8 22. Rd6 Rxd6 23. cxd6 Nc8 24. Bxa7 Nxd6 25. Bb6 Re8 26. Nd2 Nxe4 27. Nxe4 fxe4 28. Kf1 e3 29. Bxe3 g5 30. Ra6 Re6 31. c4 bxc4 32. b5 Re8 33. Rxc6 Rb8 34. b6 Bf8 35. Rxc4 Bd6 36. Rc6 Rd8 37. b7 Bb8 38. Rc8 Rg8 39. Bb6 Kg7 40. Bc7 Bxc7 41. Rxc7+ 1-0

[Event "Skalica Open 2019"]
[Site "Skalica"]
[Date "2019.08.29"]
[Round "7.14"]
[White "Hrbek, Stepan"]
[Black "Kantorik, Marian"]
[Result "1/2-1/2"]
[ECO "B05"]
[WhiteElo "2066"]
[BlackElo "2164"]
[Annotator "NA"]
[PlyCount "161"]
[EventDate "2019.08.25"]
[EventType "swiss"]
[EventCountry "SVK"]
[SourceTitle "playchess.com"]
[Source "ChessBase"]
[SourceQuality "1"]
[TimeControl "40/5400+30:1800+30"]

1. e4 Nf6 2. e5 Nd5 3. d4 d6 4. Nf3 Bg4 5. Be2 e6 6. O-O Be7 7. h3 Bh5 8. b3 O-O 9. c4 Nb6 10. exd6 cxd6 11. Bb2 Nc6 12. a3 a5 13. Nbd2 d5 14. c5 Nd7 15. b4 Bxf3 16. Nxf3 axb4 17. axb4 Rxa1 18. Bxa1 Nxb4 19. Qb3 Nc6 20. Qxb7 Qc8 21. Rb1 Bf6 22. Ba6 Qxb7 23. Rxb7 Nxc5 24. dxc5 Bxa1 25. Rb6 Nd4 26. c6 Nxf3+ 27. gxf3 Be5 28. Rb7 g5 29. Ra7 Rb8 30. c7 Bxc7 31. Rxc7 Kg7 32. Bd3 Rb3 33. Be2 h5 34. Kg2 Kg6 35. Re7 Rb4 36. Bd3+ Kf6 37. Rc7 h4 38. Ba6 Rf4 39. Bb5 Kg7 40. Be8 Kf8 41. Bb5 Kg7 42. Ra7 Kf6 43. Be8 Kg6 44. Rc7 Kg7 45. Rb7 Kf8 46. Bc6 Kg7 47. Ra7 Kf6 48. Be8 Kg6 49. Ra3 Kf6 50. Kf1 Ke7 51. Ba4 Rb4 52. Bb3 Kf6 53. Ba4 Rb1+ 54. Kg2 Rb4 55. Be8 Rf4 56. Kf1 Ke7 57. Bb5 Rb4 58. Ra7+ Kf8 59. Ra8+ Kg7 60. Be8 Rb7 61. Ra4 Rb8 62. Bd7 Rb1+ 63. Kg2 Rb7 64. Bc8 Rc7 65. Ba6 Ra7 66. Bb5 Rxa4 67. Bxa4 Kf6 68. Kf1 Ke5 69. Ke2 Kf4 70. Bb3 d4 71. Bc4 Ke5 72. Bb3 Kf4 73. Bc4 Ke5 74. Bb3 Kf4 75. Bd1 e5 76. Kd3 Kf5 77. Kc4 Kf4 78. Kd3 Kf5 79. Kc4 Kf4 80. Kd3 Kf5 81. Kc4 1/2-1/2

[Event "Skalica Open 2019"]
[Site "Skalica"]
[Date "2019.08.29"]
[Round "7.16"]
[White "Londin, Simon"]
[Black "Kapusta, Petr"]
[Result "1/2-1/2"]
[ECO "B23"]
[WhiteElo "2038"]
[BlackElo "2157"]
[Annotator "NA"]
[PlyCount "24"]
[EventDate "2019.08.25"]
[EventType "swiss"]
[EventCountry "SVK"]
[SourceTitle "playchess.com"]
[Source "ChessBase"]
[SourceQuality "1"]
[TimeControl "40/5400+30:1800+30"]

1. e4 c5 2. Nc3 Nc6 3. f4 e6 4. Nf3 d5 5. Bb5 Nge7 6. exd5 exd5 7. Qe2 a6 8. Bxc6+ bxc6 9. O-O Qd6 10. Ne5 g6 11. b3 Be6 12. Na4 Nf5 1/2-1/2

[Event "Skalica Open 2019"]
[Site "Skalica"]
[Date "2019.08.29"]
[Round "7.17"]
[White "Havelka, Ondrej"]
[Black "Gresova, Zuzana"]
[Result "1-0"]
[ECO "D11"]
[WhiteElo "2112"]
[BlackElo "2008"]
[Annotator "NA"]
[PlyCount "73"]
[EventDate "2019.08.25"]
[EventType "swiss"]
[EventCountry "SVK"]
[SourceTitle "playchess.com"]
[Source "ChessBase"]
[SourceQuality "1"]
[TimeControl "40/5400+30:1800+30"]

1. d4 d5 2. c4 c6 3. Nf3 Nf6 4. e3 e6 5. b3 Nbd7 6. Bd3 Bd6 7. Bb2 O-O 8. O-O b6 9. Nbd2 Qc7 10. Rc1 Bb7 11. Bb1 Rfe8 12. Qc2 Rac8 13. Rfd1 Qb8 14. e4 dxe4 15. Nxe4 Bf4 16. Ned2 c5 17. dxc5 Bxf3 18. Nxf3 Bxc1 19. Bxc1 bxc5 20. Rxd7 Nxd7 21. Qxh7+ Kf8 22. Qh8+ Ke7 23. Qxg7 Rg8 24. Bg5+ Kd6 25. Qxf7 Rcf8 26. Bf4+ e5 27. Qd5+ Ke7 28. Nxe5 Nxe5 29. Bxe5 Qb6 30. Qe4 Kd8 31. f4 Qh6 32. Qa8+ Kd7 33. Qxa7+ Ke8 34. Qb8+ Kf7 35. Qc7+ Ke8 36. Qc8+ Ke7 37. Qxc5+ 1-0

[Event "Skalica Open 2019"]
[Site "Skalica"]
[Date "2019.08.29"]
[Round "7.18"]
[White "Lhotska, Anna"]
[Black "Kuna, Martin"]
[Result "1/2-1/2"]
[ECO "A27"]
[WhiteElo "1966"]
[BlackElo "1969"]
[Annotator "NA"]
[PlyCount "76"]
[EventDate "2019.08.25"]
[EventType "swiss"]
[EventCountry "SVK"]
[SourceTitle "playchess.com"]
[Source "ChessBase"]
[SourceQuality "1"]
[TimeControl "40/5400+30:1800+30"]

1. c4 e5 2. Nc3 Nc6 3. Nf3 d6 4. g3 g6 5. Bg2 Bg7 6. O-O Nge7 7. Rb1 a5 8. a3 f5 9. d3 h6 10. e3 O-O 11. Qc2 g5 12. b4 axb4 13. axb4 Qe8 14. Nb5 Qd8 15. Bd2 f4 16. exf4 exf4 17. gxf4 gxf4 18. Bc3 Ne5 19. Kh1 Bf5 20. Rbd1 N7g6 21. Nbd4 Bg4 22. Rde1 c5 23. Nxe5 Nxe5 24. Bd5+ Kh8 25. Ne6 Bxe6 26. Bxe6 cxb4 27. Bxe5 dxe5 28. Rg1 Qb6 29. Bd5 b3 30. Qe2 Ra2 31. Qg4 Qf6 32. Rb1 Rxf2 33. Rxb3 Qg5 34. Qd7 Qf6 35. Rb6 Rxh2+ 36. Kxh2 Qh4+ 37. Qh3 Qf2+ 38. Qg2 Qh4+ 1/2-1/2